 Dungeon Crawl Stone Soup version 0.30-a0-637-gacddeb6d44 (webtiles) character file.

Game seed: 15290356680634044117

61140 Leeroy the Nimble (level 15, -8/72 HPs)
             Began as a Tengu Warper on Jan 15, 2023.
             Was a High Priest of Hepliaklqana.
             Mangled by a spriggan rider
             ... wielding a +0 spear
              (9 damage)
             ... on level 1 of the Swamp.
             The game lasted 00:46:41 (20389 turns).

Leeroy the Nimble (Tengu Warper)                   Turns: 20389, Time: 00:46:42

Health: -8/72      AC: 10    Str: 13    XL:     15   Next: 1%
Magic:  4/22       EV: 36    Int: 13    God:    Hepliaklqana [*****.]
Gold:   1680       SH:  5    Dex: 20    Spells: 6/18 levels left

rFire   . . .      SeeInvis .    V - +3 scimitar (flame)
rCold   . . .      Faith    .    (no shield)
rNeg    . . .      Spirit   .    L - +2 robe {Archmagi}
rPois   .          Reflect  +    K - +1 hat {Stlth+}
rElec   .          Harm     .    G - +1 cloak
rCorr   .          Rampage  .    N - +2 pair of gloves
Will    +....      Archmagi +    (boots unavailable)
Stlth   +++                      H - amulet of reflection
HPRegen 0.32/turn                x - +5 ring of evasion
MPRegen 0.18/turn                B - +5 ring of evasion

@: flying quickly and evasively, studying Invocations, quick
A: reduced essence, beak, talons 3, nimble flight
a: Renounce Religion, Recall Ancestor, Ancestor Identity, Transference, Idealise


You were on level 1 of the Swamp.
You worshipped Hepliaklqana.
Hepliaklqana was extremely pleased with you.
You visited 4 branches of the dungeon, and saw 17 of its levels.
You also visited: Bailey and Gauntlet.

You collected 2290 gold pieces.
You spent 610 gold pieces at shops.

Inventory:

Hand Weapons
 A - the +9 falchion of Zucw {flame, Will+}
   (You found it on level 1 of the Lair of Beasts)

   Will:      It increases your willpower.
 E - the +9 trident of Callousness {freeze, rPois rC++ rN+ Dex-4}
   (You found it in a bailey)

   Dex:       It affects your dexterity (-4).
   rC:        It greatly protects you from cold.
   rPois:     It protects you from poison.
   rN:        It protects you from negative energy.
 F - a +1 great sword of holy wrath
 M - a +1 scimitar of freezing
 Q - the +4 great sword "Panul" {elec, Str+3 Int+4}
   (You bought it in a shop on level 4 of the Dungeon)

   Str:       It affects your strength (+3).
   Int:       It affects your intelligence (+4).
 V - a +3 scimitar of flaming (weapon)
 Y - the +6 dagger of Dividends {protect, Dex+4}
   (You found it on level 5 of the Lair of Beasts)

   Dex:       It affects your dexterity (+4).
Missiles
 d - 7 boomerangs of dispersal (quivered)
 p - 18 poisoned darts
 s - 6 javelins
Armour
 c - a scarf of repulsion
 D - quicksilver dragon scales
 G - a +1 cloak (worn)
 K - a +1 hat of stealth (worn)
 L - a +2 robe of the Archmagi (worn)
 N - a +2 pair of gloves (worn)
Jewellery
 f - a ring of wizardry
 t - the amulet "Joaphif" {Acrobat Contam rPois Str+5 Stlth+}
   (You found it in a Gauntlet)

   [amulet of the acrobat]

   It increases your evasion while moving and waiting.
   Str:       It affects your strength (+5).
   rPois:     It protects you from poison.
   Contam:    It causes magical contamination when unequipped.
   Stlth:     It makes you more stealthy.
 x - a +5 ring of evasion (left hand)
 z - a ring of ice
 B - a +5 ring of evasion (right hand)
 H - an amulet of reflection (around neck)
 J - an amulet of magic regeneration
Wands
 a - a wand of quicksilver (7)
 v - a wand of charming (6)
 R - a wand of digging (11)
Scrolls
 g - 2 scrolls of torment
 j - a scroll of fear
 q - 3 scrolls of immolation
 u - a scroll of poison
 y - 2 scrolls of brand weapon
 C - 2 scrolls of enchant armour
 I - 2 scrolls of magic mapping
 P - 2 scrolls of silence
 S - 3 scrolls of teleportation
 T - a scroll of fog
 W - a scroll of amnesia
 X - 3 scrolls of vulnerability
Potions
 b - 3 potions of mutation
 h - 8 potions of curing
 i - 4 potions of degeneration {unknown}
 k - 2 potions of lignification {unknown}
 l - 2 potions of magic {unknown}
 m - a potion of cancellation {unknown}
 n - a potion of might
 r - 3 potions of berserk rage {unknown}
 w - 3 potions of haste {unknown}
 O - 3 potions of brilliance {unknown}
 U - 2 potions of attraction {unknown}


   Skills:
 - Level 4.5 Fighting
 - Level 13.1 Long Blades
 - Level 1.2 Maces & Flails
 - Level 1.1 Ranged Weapons
 - Level 1.0 Throwing
 - Level 1.1 Armour
 - Level 14.0 Dodging
 - Level 1.6 Shields
 - Level 2.0 Spellcasting
 - Level 1.4 Conjurations
 - Level 0.7 Hexes
 - Level 1.3 Summonings
 - Level 1.2 Necromancy
 + Level 13.8 Translocations
 - Level 0.7 Transmutations
 - Level 1.1 Fire Magic
 - Level 9.4 Air Magic
 - Level 0.6 Earth Magic
 - Level 1.1 Poison Magic
 - Level 8.1 Invocations


You had 6 spell levels left.
You knew the following spells:

 Your Spells              Type           Power      Damage    Failure   Level
a - Blink                 Tloc           100%       N/A       1%          2
b - Teleport Other        Tloc           54%        N/A       1%          3
c - Vhi's Electric Charg  Tloc/Air       94%        N/A       1%          3
d - Manifold Assault      Tloc           54%        N/A       1%          4

Your spell library contained the following spells:

 Spells                   Type           Power      Damage    Failure   Level
 Apportation              Tloc           100%       N/A       1%          1
 Gell's Gravitas          Tloc           54%        N/A       1%          3
 Lesser Beckoning         Tloc           100%       N/A       1%          3
 Passage of Golubria      Tloc           54%        N/A       1%          4
 Dispersal                Tloc           27%        N/A       14%         6
 Necrotise                Necr           24%        1d5       16%         1
 Summon Small Mammal      Summ           28%        N/A       16%         1
 Summon Lightning Spire   Summ/Air       22%        N/A       28%         4
 Summon Forest            Summ/Tloc      15%        N/A       32%         5
 Ignite Poison            Fire/Tmut/Pois 5%         N/A       45%         3
 Tukima's Dance           Hex            4%         N/A       50%         3
 Sticky Flame             Conj/Fire      6%         2d3       83%         4
 Summon Mana Viper        Hex/Summ       5%         N/A       99%         5
 Yara's Violent Unravell  Hex/Tmut       2%         3d3       99%         5
 Eringya's Noxious Bog    Tmut/Pois      2%         N/A       100%        6
 Enfeeble                 Hex            2%         N/A       100%        7
 Summon Hydra             Summ           3%         N/A       100%        7
 Ignition                 Fire           3%         3d4       100%        8


Dungeon Overview and Level Annotations

Branches:
Dungeon (10/15)            Temple (1/1) D:4            Lair (5/5) D:9
  Swamp (1/4) Lair:2        Snake (0/4) Lair:2        Slime (0/5) Lair:4
 Bailey (visited)         Gauntlet (visited)
    Orc: D:9-12

Altars:
Ashenzari
Cheibriados
Dithmenos
Elyvilon
Fedhas
Gozag
Hepliaklqana
Kikubaaqudgha
Makhleb
Nemelex Xobeh
Okawaru
Qazlal
Ru
Sif Muna
Trog
Uskayaw
Vehumet
Wu Jian
Xom
Yredelemnul
Zin
The Shining One
Jiyva

Shops:
D:2 =   D:4 (   D:8 [

Annotations:
D:6 2 transporters
Lair:1 1 runed translucent door, caveywoolpert's ghost, journeyman DsEE
Lair:2 1 runed translucent door, Athor's ghost, adept VSGl


Innate Abilities, Weirdness & Mutations

Your life essence is reduced to manifest your ancestor. (-10% HP)
You have a beak for a mouth.
You have claws for feet.
Your magical nature lets you fly swiftly and evasively.


Message History

Press: ? - help, Q - select action, (/) - cycle Shift-Dir - straight line, f/p - spriggan rider
Aim: a spriggan rider, wielding a +0 spear (ally target, 38% to hit)
You throw a poisoned dart.
The poisoned dart closely misses the spriggan rider.
You hear a splash.
The spriggan rider misses you.
Okay, then.
Throw: throwing net
Press: ? - help, Q - select action, (/) - cycle Shift-Dir - straight line, f/p - spriggan rider
Aim: a spriggan rider, wielding a +0 spear (ally target, 38% to hit)
You throw a throwing net.
The throwing net hits the spriggan rider.
The spriggan rider is caught in the net!
You hear a splash.
The spriggan rider struggles against the net.
You block the spriggan rider's attack.
The spriggan rider struggles against the net.
You swap places.
Sagil-Zimu points at the spriggan rider and mumbles some strange words.
The spriggan rider resists with almost no effort.
The spriggan rider struggles against the net.
The spriggan rider barely misses you. The spriggan rider misses you.
The spriggan rider struggles against the net.
You hit the spriggan rider. You burn the spriggan rider.
You claw the spriggan rider.
The spriggan rider is lightly wounded.
The spriggan rider hits you with a +0 spear!!
* * * LOW HITPOINT WARNING * * *
You block the spriggan rider's attack.
The spriggan rider struggles against the net.
The net rips apart, and the spriggan rider comes free!
The spriggan rider attacks as you move away!
The spriggan rider completely misses you.
The spriggan rider attacks as you move away!
The spriggan rider hits you with a +0 spear!!
* * * LOW HITPOINT WARNING * * *
The spriggan rider completely misses you.
Sagil-Zimu misses the spriggan rider.
The spriggan rider closely misses you.
The spriggan rider hits you from afar with a +0 spear!
You die...

~~~. .....~~~~.
~~~~.~~(~~.♣~~~.
♣.~~.~♣~~~.~~§~.
♣.~.......>.~....
♣.♣~~~♣~.~~~~~...≈
♣>..~♣~~.~~♣~~~...
♣.~.~§iii~~~~~~....
♣.~~...~R~♣♣~~.....
♣.~....@.♣~~~~~....
♣♣§....~†~~~~♣~....
♣~..~♣~~~.~~~~~..♣
♣..~~~~♣~~~♣~~~~>♣
♣♣~♣♣~~~~§~~~~♣~
♣~.(..~..~..~~~.♣
.♣~♣♣♣♣♣♣♣~.....♣
♣♣.§ ....... ♣♣
.####.(


You could see the friendly Sagil-Zimu the hexer and 3 spriggan riders.

Vanquished Creatures
  A bunyip (Swamp:1)
  2 dire elephants (Lair:2)
  8 hydras
  An alligator (Lair:2)
  An anaconda (Lair:2)
  9 death yaks
  A two-headed ogre (D:9)
  A salamander (Lair:2)
  2 large abominations (Gauntlet)
  3 manticores
  8 elephants
  5 black mambas
  A torpor snail (Lair:3)
  An eye of devastation (Gauntlet)
  12 cane toads
  7 komodo dragons
  Psyche (D:9)
  5 rime drakes
  4 polar bears
  3 tyrant leeches
  A troll (D:9)
  2 hornets
  10 blink frogs
  Grinder (D:6)
  Sigmund (D:6)
  28 yaks
  2 wyverns
  3 basilisks
  2 vampire mosquitoes (Lair:5)
  2 steam dragons (Lair:2)
  4 swamp worms
  11 water moccasins
  An ice beast (D:5)
  4 orc warriors
  3 black bears
  A sky beast (D:7)
  7 small abominations (Gauntlet)
  2 ogres
  A wolf (Lair:2)
  3 centaurs
  A phantom (D:6)
  2 kobold brigands
  2 necrophages
  3 scorpions
  9 bullfrogs
  A gnoll sergeant (D:7)
  8 wights
  5 killer bees
  5 howler monkeys
  An electric eel (Lair:5)
  2 hexers (Lair:2)
  2 gnoll boudas
  4 hounds
  4 orc priests
  Jessica (D:2)
  7 orc wizards
  Natasha (thrice) (D:2)
  4 iguanas
  6 hell rats
  A mummy (D:4)
  Robin (D:4)
  17 gnolls
  15 adders
  5 river rats (Lair:5)
  2 shadow imps
  3 white imps
  An ufetubus (D:6)
  2 worms (D:2)
  4 dart slugs
  30 orcs
  6 ball pythons
  6 endoplasms
  2 giant cockroaches (D:1)
  17 goblins
  10 hobgoblins
  23 kobolds
  5 quokkas
  9 bats
  2 frilled lizards (D:1)
  12 rats
408 creatures vanquished.

Vanquished Creatures (collateral kills)
  A bunyip (Swamp:1)
  Harold (Lair:2)
  A hydra (Lair:2)
  Erica (D:9)
  An alligator (Lair:2)
  6 death yaks
  5 elephants
  3 black mambas
  7 cane toads
  Maggie (D:9)
  4 komodo dragons
  2 rime drakes
  5 blink frogs (Lair:5)
  A hornet (Lair:2)
  3 tyrant leeches
  6 yaks
  2 wyverns
  A golden eye (Gauntlet)
  3 vampire mosquitoes (Lair:5)
  A swamp worm (Lair:2)
  2 water moccasins
  A swamp drake (Swamp:1)
  An orc warrior (D:8)
  An ice beast (D:9)
  A kobold brigand (D:8)
  3 bullfrogs
  2 wights (D:8)
  A killer bee (D:10)
  2 lava snakes (Lair:2)
  An orc wizard (D:8)
  2 river rats (Lair:5)
  An orc (D:10)
  4 kobolds
77 creatures vanquished.

Vanquished Creatures (others)
  A lava snake (Lair:2)
  14 hexers
  3 demonic plants (Gauntlet)
  21 fungi
  86 plants
  2 withered plants (Lair:2)
127 creatures vanquished.

Grand Total: 612 creatures vanquished

Notes
Turn   | Place    | Note
-------+----------+-------------------------------------------
     0 | D:1      | Leeroy the Tengu Warper began the quest for the Orb.
     0 | D:1      | Reached XP level 1. HP: 12/12 MP: 4/4
    63 | D:1      | Reached XP level 2. HP: 17/17 MP: 6/6
   290 | D:1      | Reached XP level 3. HP: 21/21 MP: 7/7
   668 | D:2      | Noticed Natasha
   674 | D:2      | Killed Natasha
   675 | D:2      | Reached skill level 3 in Dodging
   675 | D:2      | Reached XP level 4. HP: 8/26 MP: 8/8
   913 | D:2      | Noticed Jessica
   919 | D:2      | Killed Jessica
   920 | D:2      | Reached skill level 4 in Dodging
   925 | D:2      | Gained mutation: Your magical nature lets you fly swiftly
                  | and evasively. [Tengu growth]
   925 | D:2      | Reached XP level 5. HP: 26/30 MP: 9/9
  1000 | D:2      | Noticed Natasha
  1007 | D:2      | Killed Natasha
  1016 | D:2      | Noticed Natasha
  1024 | D:2      | Killed Natasha
  1025 | D:2      | Reached skill level 5 in Dodging
  1089 | D:2      | Found Ucog's Jewellery Emporium.
  1093 | D:2      | Learned a level 2 spell: Blink
  1097 | D:2      | Learned a level 3 spell: Teleport Other
  1101 | D:2      | Learned a level 3 spell: Vhi's Electric Charge
  1869 | D:3      | Reached XP level 6. HP: 26/35 MP: 10/10
  1977 | D:4      | Reached skill level 6 in Dodging
  1981 | D:4      | Found a snail-covered altar of Cheibriados.
  2158 | D:4      | Found a staircase to the Ecumenical Temple.
  2392 | D:4      | Found Susesuxylo's Antique Weapon Emporium.
  2449 | D:4      | Noticed a hornet
  2464 | D:4      | HP: 1/35 [poisoned by a hornet]
  2539 | D:5      | Entered Level 5 of the Dungeon
  2605 | D:5      | Found a glowing golden altar of the Shining One.
  2622 | D:5      | Reached skill level 7 in Dodging
  2622 | D:5      | Reached XP level 7. HP: 34/40 MP: 11/11
  3187 | D:5      | Reached skill level 8 in Dodging
  3507 | D:5      | Reached skill level 9 in Dodging
  3507 | D:5      | Reached XP level 8. HP: 37/44 MP: 12/12
  3929 | D:6      | Found a transporter.
  3929 | D:6      | Found a transporter.
  4002 | D:6      | Noticed Sigmund
  4023 | D:6      | Killed Sigmund
  4024 | D:6      | Reached skill level 10 in Dodging
  4110 | D:6      | Noticed a yak
  4110 | D:6      | Noticed a yak
  4392 | D:4      | Found a sparkling altar of Nemelex Xobeh.
  4422 | D:4      | Noticed Robin
  4453 | D:4      | Killed Robin
  4819 | D:4      | Killed a hornet
  4820 | D:4      | Reached skill level 11 in Dodging
  5328 | D:6      | Noticed Grinder
  5344 | D:6      | Paralysed by Grinder for 3 turns
  5358 | D:6      | Killed Grinder
  5359 | D:6      | Reached skill level 12 in Dodging
  5359 | D:6      | Reached XP level 9. HP: 16/48 MP: 13/13
  5815 | D:6      | Reached skill level 13 in Dodging
  6014 | D:6      | Found a shimmering blue altar of Sif Muna.
  6025 | D:6      | Found a glowing silver altar of Zin.
  6057 | D:6      | Identified the +8 spear of Destruction {flame, *Noise Fly
                  | rC++ Dex+3}
  6569 | D:7      | Found a flagged portal.
  6597 | Bailey   | Entered a bailey
  6603 | Bailey   | Learned a level 4 spell: Manifold Assault
  6903 | Bailey   | Identified the +9 trident of Callousness {freeze, rPois
                  | rC++ rN+ Dex-4}
  7006 | Bailey   | Reached skill level 14 in Dodging
  7340 | D:7      | Reached skill level 1 in Invocations
  7521 | Temple   | Entered the Ecumenical Temple
  7656 | Temple   | Became a worshipper of Hepliaklqana the Forgotten
  7894 | D:7      | Reached skill level 5 in Long Blades
  7903 | D:7      | Reached XP level 10. HP: 38/53 MP: 14/14
  8598 | D:8      | Reached * piety under Hepliaklqana
  8727 | D:8      | Reached skill level 1 in Shields
  9118 | D:8      | Found Pyrghas's Armour Emporium.
  9122 | D:8      | Bought a +2 pair of gloves for 231 gold pieces
  9269 | D:8      | Found a blossoming altar of Fedhas.
  9278 | D:8      | Found an opulent altar of Gozag.
  9282 | D:8      | Found a hide-covered altar of Uskayaw.
  9435 | D:8      | Reached ** piety under Hepliaklqana
  9436 | D:8      | Remembered your ancestor Sagil-Zimu as a hexer
  9603 | D:4      | Bought a jewelled great sword for 379 gold pieces
  9603 | D:4      | Identified the +4 great sword "Panul" {elec, Str+3 Int+4}
                  | (You bought it in a shop on level 4 of the Dungeon)
  9772 | D:9      | Noticed a two-headed ogre
  9807 | D:9      | Killed a two-headed ogre
  9954 | D:9      | Noticed Erica
  9959 | D:9      | Killed Erica
 10086 | D:9      | Reached skill level 10 in Long Blades
 10123 | D:10     | Entered Level 10 of the Dungeon
 10249 | D:10     | Reached XP level 11. HP: 47/51 MP: 15/15
 10505 | D:10     | Noticed a soul eater
 10573 | D:9      | Noticed Psyche
 10576 | D:9      | Killed Psyche
 10602 | D:9      | Noticed Maggie
 10610 | D:9      | Killed Maggie
 10715 | D:9      | Found a staircase to the Lair.
 10934 | Lair:1   | Entered Level 1 of the Lair of Beasts
 10983 | Lair:1   | Found a gate leading to a gauntlet.
 10984 | Lair:1   | Reached *** piety under Hepliaklqana
 11335 | Gauntlet | Entered a Gauntlet
 11335 | Gauntlet | Found a transporter.
 11344 | Gauntlet | Found a transporter.
 11346 | Gauntlet | Found a transporter.
 11357 | Gauntlet | Found a transporter.
 11360 | Gauntlet | Found a transporter.
 11368 | Gauntlet | Found a transporter.
 11369 | Gauntlet | Noticed a large abomination
 11389 | Gauntlet | Found a transporter.
 11389 | Gauntlet | Noticed a catoblepas
 11399 | Gauntlet | Found the amulet of the Air {Inacc Air Fly rElec RMsl}
 11400 | Gauntlet | Found a transporter.
 11400 | Gauntlet | Noticed a sixfirhy
 11402 | Gauntlet | Noticed a sixfirhy
 11412 | Gauntlet | Found a transporter.
 11415 | Gauntlet | Noticed a hell beast
 11431 | Gauntlet | Found a transporter.
 11443 | Gauntlet | Found a runed translucent door.
 11445 | Gauntlet | Found a transporter.
 11445 | Gauntlet | Found a transporter.
 11447 | Gauntlet | Noticed a soul eater
 11448 | Gauntlet | Found a runed translucent door.
 11493 | Gauntlet | Found a transporter.
 11507 | Gauntlet | Found a transporter.
 11899 | Gauntlet | Identified the amulet "Joaphif" {Acrobat Contam rPois Str+5
                  | Stlth+}
 11913 | Gauntlet | Killed a large abomination
 12048 | Gauntlet | Identified the +7 trident of Amorality {heavy, Int+5}
 12048 | Gauntlet | Identified the ring "Laylilo" {rC+ AC+4 Str+2 Int+2}
 12048 | Gauntlet | Noticed a minotaur
 12095 | Gauntlet | Got the Incunabulum of the Mob
 12163 | Lair:1   | Found a runed translucent door.
 12165 | Lair:1   | Noticed an eight-headed hydra
 12165 | Lair:1   | Noticed caveywoolpert's ghost (journeyman DsEE)
 12183 | Lair:1   | Noticed an eight-headed hydra
 12405 | Lair:1   | Identified the +9 falchion of Zucw {flame, Will+}
 12672 | Lair:1   | Reached skill level 1 in Conjurations
 12712 | Lair:1   | Killed a six-headed hydra
 12713 | Lair:1   | Reached skill level 1 in Maces & Flails
 12713 | Lair:1   | Reached skill level 1 in Ranged Weapons
 12713 | Lair:1   | Reached skill level 1 in Summonings
 12713 | Lair:1   | Reached skill level 1 in Necromancy
 12713 | Lair:1   | Reached skill level 1 in Fire Magic
 12713 | Lair:1   | Reached skill level 1 in Poison Magic
 12845 | Lair:2   | Noticed Athor's ghost (adept VSGl)
 12845 | Lair:2   | Found a runed translucent door.
 13024 | Lair:2   | Reached **** piety under Hepliaklqana
 13050 | Lair:2   | Reached XP level 12. HP: 60/60 MP: 16/16
 13121 | Lair:2   | Noticed a six-headed hydra
 13297 | Lair:2   | Killed a three-headed hydra
 13432 | Lair:2   | Reached skill level 5 in Invocations
 13438 | Lair:2   | Found a staircase to the Snake Pit.
 13573 | Lair:2   | Noticed a six-headed hydra
 13585 | Lair:2   | Killed a nine-headed hydra
 13631 | Lair:2   | Noticed Harold
 13649 | Lair:2   | Killed Harold
 13859 | Lair:2   | Noticed a death yak
 13861 | Lair:2   | Noticed a death yak
 13861 | Lair:2   | Noticed a death yak
 13863 | Lair:2   | Noticed a death yak
 13880 | Lair:2   | Killed a death yak
 13881 | Lair:2   | Reached skill level 5 in Translocations
 13887 | Lair:2   | Killed a death yak
 13901 | Lair:2   | Killed a death yak
 13912 | Lair:2   | Killed a death yak
 14084 | Lair:2   | Noticed a death yak
 14105 | Lair:2   | Killed a death yak
 14134 | Lair:2   | Reached skill level 1 in Air Magic
 14263 | Lair:2   | Noticed a five-headed hydra
 14270 | Lair:2   | Killed a ten-headed hydra
 14339 | Lair:2   | Found a staircase to the Swamp.
 14499 | Lair:2   | Reached skill level 5 in Air Magic
 14499 | Lair:2   | Noticed an anaconda
 14499 | Lair:2   | Noticed a dire elephant
 14500 | Lair:2   | Noticed a death yak
 14833 | Lair:2   | Killed a dire elephant
 14834 | Lair:2   | Reached XP level 13. HP: 32/64 MP: 20/20
 14870 | Lair:2   | Noticed a dire elephant
 15691 | Lair:2   | Killed a dire elephant
 16435 | Lair:3   | Reached skill level 10 in Translocations
 16824 | Lair:4   | Reached ***** piety under Hepliaklqana
 17014 | Lair:4   | Reached XP level 14. HP: 68/68 MP: 21/21
 17182 | Lair:4   | Found a viscous altar of Jiyva.
 17182 | Lair:4   | Found a staircase to the Slime Pits.
 17680 | Lair:5   | Entered Level 5 of the Lair of Beasts
 19339 | Lair:5   | Identified the +6 dagger of Dividends {protect, Dex+4}
 20022 | Swamp:1  | Entered Level 1 of the Swamp
 20382 | Swamp:1  | Reached XP level 15. HP: 40/72 MP: 3/22
 20389 | Swamp:1  | HP: 1/72 [spriggan rider/+0 spear (19)]
 20389 | Swamp:1  | Mangled by a spriggan rider

Illustrated notes

Levels and vault maps discovered:
D:1:      dpeg_arrival_short_road, layout_basic
D:2:      layout_basic, serial_shops, nicolae_shop_competitors_out_of_business,
          uniq_jessica, uniq_natasha
D:3:      layout_loops_cross, hangedman_abyss_or_decor_lesser_grid
D:4:      layout_basic, slow_altar_1, nemelex_altar_shiori,
          minmay_temple_entry_from_below_b, serial_shops, shop,
          minmay_misc_feat_nine_boxes, chequers_serial_rivers_micro_d,
          minmay_manual_moon, uniq_robin
D:5:      layout_layer_cave, tso_metal_star
D:6:      gammafunk_steamed_eel, layout_basic, minitemple, uniq_sigmund,
          uniq_grinder
D:7:      layout_basic, enter_bailey_2, hangedman_decor_slide_cut
D:8:      layout_gridville, minmay_overflow_temple_star_quad, serial_shops, shop
D:9:      layout_basic, hellmonk_lair_entry_icy, uniq_maggie, uniq_psyche,
          uniq_erica
D:10:     layout_small_grid, david_orc_1_choice
Temple:   nicolae_temple_two_arcs
Lair:1:   layout_gridlike, gauntlet_entry_generic, ebering_ghost_inner_flame,
          serial_bayou_shore_b
Lair:2:   nzn_winding_woodlands_small [nzn_winding_woodlands_5x15_crooked,
          nzn_winding_woodlands_center_diamonds,
          nzn_winding_woodlands_5x15_pool], layout_chaotic_city,
          palyth_hydra_swamp_entry, nicolae_snake_entry_warm_welcome,
          gammafunk_ghost_grave, chequers_serial_rivers_small_a,
          nicolae_lair_lakeside_cave, uniq_harold
Lair:3:   layout_chaotic_city
Lair:4:   layout_misc_corridors, dpeg_slime_entry_enclosed
Lair:5:   minmay_lair_end_frog_pond, layout_big_grid, kennysheep_abandoned_house
Swamp:1:  layout_falls_marsh, evilmike_swamp_ruin_house_3, swamp_pool1

Skill      XL: |  1  2  3  4  5  6  7  8  9 10 11 12 13 14 |
---------------+-------------------------------------------+-----
Long Blades    | 3 5 10 13 | 13.1
Dodging        | 3 4 5 7 9 12 14 | 14.0
Invocations    | 1 3 8 |  8.1
Shields        | 1 |  1.6
Fighting       | 4 |  4.5
Conjurations   | 1 |  1.4
Maces & Flails | 1 |  1.2
Ranged Weapons | 1 |  1.1
Summonings     | 1 |  1.3
Necromancy     | 1 |  1.2
Fire Magic     | 1 |  1.1
Poison Magic   | 1 |  1.1
Translocations | 6 10 13 | 13.8
Air Magic      | 7 9 |  9.4
Throwing       | |  1.0
Armour         | |  1.1
Spellcasting   | |  2.0
Hexes          | |  0.7
Transmutations | |  0.7
Earth Magic    | |  0.6

Action                   |  1- 3 |  4- 6 |  7- 9 | 10-12 | 13-15 || total
-------------------------+-------+-------+-------+-------+-------++-------
Melee: Falchion          |    51 |       |     7 |    77 |       ||   135
       Peck              |     6 |    18 |    76 |   152 |   173 ||   425
       Kick              |    12 |    52 |   150 |   218 |   247 ||   679
       Dagger            |    23 |   146 |   434 |     6 |       ||   609
       Punch             |       |     3 |     7 |     7 |     6 ||    23
       Scimitar          |       |       |       |   423 |   631 ||  1054
       Great sword       |       |       |       |     5 |       ||     5
Throw: Dart              |       |       |    10 |    39 |    25 ||    74
       Boomerang         |       |       |    43 |       |       ||    43
       Javelin           |       |       |       |       |     5 ||     5
       Throwing net      |       |       |       |       |     1 ||     1
 Cast: Blink             |       |     1 |     2 |     5 |    12 ||    20
       Vhi's Electric Ch |       |       |       |     3 |       ||     3
       Manifold Assault  |       |       |       |       |    34 ||    34
Invok: Ancestor Life: He |       |       |       |     1 |       ||     1
       Recall Ancestor   |       |       |       |     2 |     4 ||     6
       Transference      |       |       |       |     1 |       ||     1
Evoke: Wand              |       |       |     3 |    14 |     4 ||    21
       Box of beasts     |       |       |       |     1 |       ||     1
  Use: Scroll            |       |     4 |     6 |     9 |     5 ||    24
       Potion            |       |     2 |     3 |     4 |     2 ||    11
 Stab: Sleeping          |     1 |     3 |     2 |     4 |     2 ||    12
       Distracted        |       |       |     1 |    10 |    10 ||    21
       Confused          |       |       |       |     9 |    17 ||    26
       Invisible         |       |       |       |     1 |       ||     1
Armor: Leather armour    |    28 |    13 |    18 |       |       ||    59
       Quicksilver drago |       |       |     9 |    25 |       ||    34
       Robe              |       |       |       |    17 |    43 ||    60
Dodge: Dodged            |    56 |   130 |   360 |   442 |   591 ||  1579
Block: Other             |       |       |       |   110 |   126 ||   236
       Reflection        |       |       |       |     9 |     1 ||    10

Table legend: (Time is in decaauts)
 A = Elapsed time spent in this place.
 B = Non-inter-level travel time spent in this place.
 C = Inter-level travel time spent in this place.
 D = Time resting spent in this place.
 E = Time spent auto-exploring this place.
 F = Levels seen in this place.
 G = Mean time per level.
                   A        B        C        D        E       F      G
               +--------+--------+--------+--------+--------+-----+--------+
         Total |  19462 |  17981 |   1481 |   1570 |  12034 |  19 | 1024.3 |
       Dungeon |   9608 |   8515 |   1093 |    156 |   6447 |  10 |  960.8 |
        Temple |    133 |    125 |      8 |      0 |     76 |   1 |  133.0 |
          Lair |   8322 |   7943 |    379 |   1133 |   5009 |   5 | 1664.4 |
         Swamp |     53 |     53 |      0 |      0 |     21 |   1 |   53.0 |
        Bailey |    598 |    598 |      0 |     12 |    270 |   1 |  598.0 |
      Gauntlet |    745 |    745 |      0 |    269 |    209 |   1 |  745.0 |
               +--------+--------+--------+--------+--------+-----+--------+

Top non-repeatable levels by time:
  Lair:2: 3278 daAuts
  Lair:5: 1730 daAuts
     D:5: 1681 daAuts
     D:4: 1430 daAuts
     D:6: 1347 daAuts
  Lair:1: 1204 daAuts
     D:8: 1128 daAuts
  Lair:4: 1070 daAuts
  Lair:3: 1038 daAuts
     D:7: 1034 daAuts
     D:2: 928 daAuts
     D:9: 761 daAuts
Gauntlet: 745 daAuts
  Bailey: 598 daAuts
     D:1: 581 daAuts
